 Dungeon Crawl Stone Soup version 0.27.0-1-g7a089689b8 (webtiles) character file.

Game seed: 8602162542409500396

83 MrDassem the Chopper (level 4, -4/41 HPs)
             Began as a Minotaur Fighter on Aug 14, 2021.
             Slain by Sigmund (11 damage)
             ... on level 2 of the Dungeon.
             The game lasted 00:01:34 (1503 turns).

MrDassem the Chopper (Minotaur Fighter)             Turns: 1503, Time: 00:01:35

Health: -4/41      AC:  6    Str: 22    XL:     4   Next: 22%
Magic:  3/3        EV:  7    Int:  5    God:
Gold:   84         SH:  9    Dex:  9    Spells: 3/3 levels left

rFire    . . .     SeeInvis .   a - +0 war axe
rCold    . . .     Faith    .   c - +0 kite shield
rNeg     . . .     Spirit   .   b - +0 scale mail
rPois    .         Reflect  .   (helmet restricted)
rElec    .         Harm     .   (no cloak)
rCorr    .         Rampage  .   (no gloves)
Will     .....                  (no boots)
Stlth    ..........             (no amulet)
HPRegen  0.13/turn              (no ring)
MPRegen  0.08/turn              (no ring)

@: no status effects
A: horns 2, retaliatory headbutt
a: no special abilities


You were on level 2 of the Dungeon.
You visited 1 branch of the dungeon, and saw 2 of its levels.

You collected 84 gold pieces.

Inventory:

Hand Weapons
 a - a +0 war axe (weapon)
Armour
 b - a +0 scale mail (worn)
 c - a +0 kite shield (worn)
Scrolls
 f - a scroll of immolation {unknown}
 h - a scroll of vulnerability {unknown}
Potions
 d - a potion of might
 e - 2 potions of lignification {unknown}
 g - a potion of attraction {unknown}


   Skills:
 + Level 4.6 Fighting
 * Level 4.7 Axes
 - Level 3.6 Armour
 - Level 3.6 Shields


You had 3 spell levels left.
You didn't know any spells.
Your spell library was empty.

Dungeon Overview and Level Annotations

Branches:
Dungeon (2/15)

Altars:

Annotations:
D:2 Sigmund


Innate Abilities, Weirdness & Mutations

You have a pair of horns on your head.
You reflexively headbutt those who attack you in melee.


Message History

You block Sigmund's attack.
Found a short sword.
You hit Sigmund but do no damage.
Sigmund points at you and mumbles some strange words.
You resist with some effort. Sigmund hits you with a +0 scythe!
You closely miss Sigmund. You headbutt Sigmund.
Sigmund is lightly wounded.
Sigmund hits you with a +0 scythe.
You slash Sigmund!
Sigmund is moderately wounded.
Sigmund hits you with a +0 scythe! Sigmund hits you but does no damage.
You are too injured to fight recklessly!
You are too injured to fight recklessly!
You are too injured to fight recklessly!
You are too injured to fight recklessly!
You are too injured to fight recklessly!
You are too injured to fight recklessly!
You are too injured to fight recklessly!
You are too injured to fight recklessly!
You are too injured to fight recklessly!
You are too injured to fight recklessly!
You are too injured to fight recklessly!
You are too injured to fight recklessly!
You are too injured to fight recklessly!
You are too injured to fight recklessly!
You are too injured to fight recklessly!
You are too injured to fight recklessly!
You are too injured to fight recklessly!
You are too injured to fight recklessly!
You closely miss Sigmund.
Sigmund is moderately wounded.
Sigmund hits you with a +0 scythe!
* * * LOW HITPOINT WARNING * * *
You barely miss Sigmund. You headbutt Sigmund.
Sigmund is heavily wounded.
Sigmund casts a spell.
Sigmund flickers and vanishes!
Deactivating autopickup; reactivate with Ctrl-A.
Something hits you!
You die...

.........)............[..
.........................
.......### ..............
.........###.............
......................###
).......................#
......{.................'
........................#
....#...@............#'##
. #####............#.#
#............#.##
#............#...
#........#######.
##.....###....... #.#####
#.###### #.#######.#
#.........#


There were no monsters in sight!

Vanquished Creatures
  Jessica (D:2)
  A gnoll (D:1)
  A dart slug (D:1)
  5 ball pythons
  5 endoplasms
  3 giant cockroaches
  5 goblins (D:1)
  2 hobgoblins
  5 kobolds
  3 quokkas
  4 bats
  2 frilled lizards (D:1)
  2 rats
  A spectral goblin (D:2)
40 creatures vanquished.

Notes
Turn   | Place    | Note
-------+----------+-------------------------------------------
     0 | D:1      | MrDassem the Minotaur Fighter began the quest for the Orb.
     0 | D:1      | Reached XP level 1. HP: 19/19 MP: 0/0
   193 | D:1      | Reached XP level 2. HP: 22/27 MP: 1/1
   534 | D:1      | Reached XP level 3. HP: 30/33 MP: 2/2
  1029 | D:2      | Found a faded altar of an unknown god.
  1046 | D:2      | Noticed Jessica
  1052 | D:2      | Killed Jessica
  1053 | D:2      | Reached XP level 4. HP: 27/41 MP: 3/3
  1492 | D:2      | Noticed Sigmund
  1503 | D:2      | Slain by Sigmund

Illustrated notes

Levels and vault maps discovered:
D:1:      scummos_arrival_forest, layout_basic, minmay_surrounded
D:2:      layout_basic, dreamdust_ecumenical_altar_drowned_temple,
          serial_park_tiny_1, uniq_jessica, uniq_sigmund

Skill      XL: |  1  2  3 |
---------------+----------+-----
Axes           | 3 4 |  4.7
Fighting       | 4 |  4.6
Armour         | |  3.6
Shields        | |  3.6

Action                   |  1- 3 |  4- 6 || total
-------------------------+-------+-------++-------
Melee: War axe           |    68 |    31 ||    99
       Headbutt          |     7 |     6 ||    13
Armor: Scale mail        |    39 |    13 ||    52
Dodge: Dodged            |    20 |     9 ||    29
Block: Kite shield       |    34 |    14 ||    48
